[Event "Turkish Youth Championships 2023"]
[Site "Samsun"]
[Date "2023.05.20"]
[Round "2.1"]
[White "Isik, Alparslan"]
[Black "Anakok, Deniz"]
[Result "1-0"]
[WhiteElo "2451"]
[BlackElo "1448"]
[Annotator "TA"]
[PlyCount "81"]
[EventDate "2023.05.19"]
[EventType "swiss"]
[EventCountry "TUR"]
[TimeControl "5400+30"]

1. Nf3 Nf6 2. g3 d5 3. Bg2 c6 4. c4 Bf5 5. O-O e6 6. cxd5 cxd5 7. Qb3 Qb6 8. Qxb6 axb6 9. Nc3 Nc6 10. d3 Bc5 11. Bf4 Ke7 {[%emt 0:10:30] [#] A11: English Opening: 1...c6.} 12. Nb5 $146 ({Predecessor:} 12. a3 Rhc8 13. b4 Bd6 14. Bd2 Bg4 15. Nb5 Bxf3 16. Bxf3 Be5 17. Rac1 Nd4 18. Nxd4 Bxd4 19. Rxc8 Rxc8 {1-0 Gines Esteo,P (2413)-Lopez Martinez,J (2520) Castelldefels Llobregat op 2nd 2021 (2)}) 12... Ra5 13. a4 Rha8 {[%emt 0:03:30] The position is equal.} 14. b3 Ne8 15. Rac1 Bd6 (15... Bg4 $14) 16. Be3 (16. Bd2 $142) 16... R5a6 ({Black should try} 16... Bc5) 17. Nfd4 $16 {[%emt 0:00:30] White is much more active.} Nxd4 18. Bxd4 f6 (18... e5 $16 {is a better defense.}) 19. e4 $18 dxe4 20. dxe4 Bg6 21. Nxd6 Kxd6 22. Rfd1 {[%emt 0:00:30][%csl LRb6,LRf6][%cal Rd4f6] [#]} Ke7 23. e5 fxe5 24. Bxe5 Ra5 (24... Bh5 $142 25. Rd2 Rd8) 25. Bc3 ({Weaker is} 25. Bxb7 R8a7 $16) 25... Rf5 26. Bxb7 {[%emt 0:02:00] A strong pair of Bishops.} Ra7 {[%emt 0:01:30] Black is weak on the dark squares} 27. Bb4+ Kf6 28. Rd7 Bh5 29. Bc3+ Kg6 30. Bc6 Rxd7 31. Bxd7 Kf7 32. Re1 Nc7 {[%emt 0:00:30] [#]} 33. Be5 $1 Nd5 34. Bd4 Nc7 35. Bxb6 Ke7 36. Bc8 {[%emt 0:00:00] White is clearly winning.} Kd8 37. Bxe6 Rf6 38. Bxc7+ Kxc7 39. Bc4 Kd8 40. Re6 Rf8 41. f4 {[%emt 0:00:30] White took control after the opening.   Weighted Error Value: White=0.32/Black=0.45} 1-0

[Event "Turkish Youth Championships 2023"]
[Site "Samsun"]
[Date "2023.05.20"]
[Round "2.1"]
[White "Yuksel, Fatih Canberk"]
[Black "Isik, Alparslan"]
[Result "0-1"]
[ECO "E72"]
[WhiteElo "1599"]
[BlackElo "2451"]
[Annotator "TA"]
[PlyCount "84"]
[EventDate "2023.05.19"]
[EventType "swiss"]
[EventCountry "TUR"]
[SourceTitle "playchess.com"]
[Source "ChessBase"]
[SourceQuality "1"]
[TimeControl "5400+30"]

1. d4 Nf6 2. c4 g6 3. Nf3 Bg7 4. g3 O-O 5. Bg2 d6 6. Nc3 Nbd7 7. e4 e5 8. d5 Nc5 {E72: King's Indian: 4 e4 d6 5 g3.} 9. Qc2 a5 10. Be3 Ne8 {[#] The position is equal.} 11. O-O-O $146 (11. h4 {seems wilder.} f5 12. h5 fxe4 13. Nxe4 Nxe4 14. hxg6 Rxf3 15. Bxf3 Nc5 16. gxh7+ Kh8 17. Qg6) ({Predecessor:} 11. Bxc5 dxc5 12. Nd2 f5 13. O-O f4 14. Qd3 Nd6 15. Nb5 Bd7 16. a4 g5 17. Ra3 {0-1 De Araujo,J (2002)-Perdomo,L (2422) Castanhal op 3rd 2014 (3)}) 11... f5 12. Bxc5 dxc5 13. Rhe1 (13. h4 $142) 13... Nd6 $11 14. Nd2 {[%emt 0:04:30] [#]} (14. Qe2 $11) 14... b6 (14... Bh6 $1 $17 15. Kb1 Bxd2 16. Rxd2 Nxc4) 15. f3 (15. b3 $11 {remains equal.}) 15... Bd7 (15... Bh6 $17 16. Qd3 a4) 16. a4 (16. Kb1 $11) 16... Bh6 $17 17. b3 Qf6 ({Black should play} 17... fxe4 $17 18. Ncxe4 Nf5) 18. Kb2 Rae8 19. Re2 Re7 20. Rde1 Rfe8 21. Qd3 Bg5 22. Rf1 Qg7 23. Ka2 Qh6 24. h4 Bf6 (24... Bxd2 $1 $11 25. Qxd2 Qxd2+ 26. Rxd2 Rf8) 25. Nb5 (25. Bh3 $14) 25... Bc8 (25... Bxb5 $15 26. cxb5 f4 27. gxf4 Qxf4) 26. Na7 (26. Bh3 {is interesting.} f4 27. Rh1 fxg3 28. Rg2) 26... Bb7 27. Bh3 f4 28. gxf4 Qxf4 29. h5 gxh5 30. Rg2+ (30. Nb5 $11 {should be considered.}) 30... Kh8 $15 31. Rfg1 Rg7 32. Be6 {[%emt 0:00:30] Wards off Reg8} Ree7 {[%emt 0:01:00][%cal Be8e7,Be7g7,Bg7g4][%mdl 32] Active counter play!} 33. Nb5 {[%emt 0:00:30] [#]} Rxg2 (33... Rg5 $1 $17) 34. Rxg2 Bg5 35. Nb1 (35. Nf1 $1 $11) 35... Ba6 ({Black should try} 35... Rg7 $17) 36. Nxd6 $1 $11 cxd6 37. Nc3 {[%emt 0:00:00] Strongly threatening Ne2.} Rg7 38. Ne2 $1 Qf8 39. Ng1 (39. f4 $11 {keeps the balance.} exf4 40. Rf2) 39... Bf4 ({Better is} 39... Bh6 40. Qe2 Qf4 41. Rxg7 Kxg7 42. Qg2+ Bg5) 40. Qf1 $17 Bg3 (40... Rxg2+ $17 41. Qxg2 Qg7 42. Qxg7+ Kxg7) 41. Ne2 (41. f4 $11) 41... h4 $15 42. Bg4 $2 (42. Ka3 $15) 42... Rxg4 {[%emt 0:00:00][%mdl 64] Pin.   Weighted Error Value: White=0.40/Black=0.27 (precise)} 0-1

[Event "Turkish Youth Championships 2023"]
[Site "Samsun"]
[Date "2023.05.20"]
[Round "2.2"]
[White "Akbas, Umut Ata"]
[Black "Cicek, Bilal Emre"]
[Result "1-0"]
[ECO "D02"]
[WhiteElo "2417"]
[BlackElo "1600"]
[Annotator "TA"]
[PlyCount "79"]
[EventDate "2023.05.19"]
[EventType "swiss"]
[EventCountry "TUR"]
[SourceTitle "playchess.com"]
[Source "ChessBase"]
[SourceQuality "1"]
[TimeControl "5400+30"]

1. Nf3 d5 2. d4 e6 3. Bf4 Bd6 4. Bg3 Nf6 5. e3 O-O 6. Bd3 c5 7. c3 {D02: 1 d4 d5 2 Nf3 sidelines, including 2...Nf6 3 g3 and 2...Nf6 3 Bf4.} Qc7 8. dxc5 Qxc5 9. Nbd2 {The position is equal.} Nbd7 10. Qc2 e5 11. e4 dxe4 12. Nxe4 Nxe4 13. Bxe4 Nf6 {[#]} 14. O-O-O $146 ({White should play} 14. Nd2 $11) ({Predecessor:} 14. Rd1 Bg4 15. O-O Bh5 16. Rd2 Rfe8 17. Bxb7 Rab8 18. Be4 Rxb2 19. Bxh7+ Nxh7 20. Qxb2 Bxf3 21. gxf3 {1-0 Moroni,L (2532)-Melia,S (2368) Gibraltar Masters 18th 2020 (10)}) 14... Be6 $2 (14... Nxe4 $15 {keeps the upper hand.} 15. Qxe4 f6) 15. Ng5 $16 (15. Bxb7 $6 Rad8 $11) 15... Bxa2 16. Bxh7+ Kh8 {[%emt 0:00:30] [#]} 17. b4 ({Better is} 17. Qf5 $1 $16 {[%cal Rf5h3] Qh3 is the strong threat.} Be6 18. Nxe6 fxe6 19. Qxe6 Kxh7 20. Rxd6 (20. Qxd6 Qa5 $16)) 17... Qc7 18. Rxd6 Qxd6 19. Qxa2 Nxh7 20. Nxf7+ Rxf7 {[%emt 0:00:00][%mdl 64] Remove Defender} 21. Qxf7 Rc8 {[%emt 0:04:00] [#]} 22. Qb3 {[%emt 0:01:00] Threatens to win with Re1. Active counter play!} (22. Qxb7 Rxc3+ 23. Kb2 Qd2+ 24. Ka1 Ra3+ 25. Kb1 Rb3+ 26. Ka1 Qb2#) 22... Qc6 (22... Rd8 $2 23. Rd1 Qh6+ 24. Kb2 Rd2+ 25. Rxd2 Qxd2+ 26. Qc2 $16) ({Black should try} 22... a5) 23. Bxe5 {[%emt 0:08:30] Black must now prevent Rd1.} Qxg2 24. Qd1 Qg5+ (24... Nf6 $16) 25. f4 $18 Qe7 26. Rg1 Nf6 {[%emt 0:00:00] Black is weak on the dark squares} 27. Rg3 {[%emt 0:01:30] Strongly threatening Rh3+.} Rd8 28. Rh3+ Kg8 29. Qb3+ Nd5 $2 (29... Rd5 $16 30. Rg3 (30. Bxf6 Qe1+ 31. Kb2 Qe2+ 32. Ka3 Qa6+ 33. Qa4 Qxa4+ 34. Kxa4 gxf6 $18) 30... Kf8) 30. Rd3 Qe6 31. b5 (31. c4 $18 Rc8 32. c5) 31... Kf7 $16 32. Qd1 (32. Qc4 $18) 32... Rd7 33. Qh5+ Kg8 34. Rh3 {[%emt 0:01:30] White threatens Qh8+ and mate.} Nf6 35. Qh8+ ({Reject} 35. Bxf6 $6 Qe1+ 36. Kc2 Rd2+ 37. Kb3 Qb1+ 38. Kc4 Qa2+ 39. Kb4 Qb2+ 40. Kc4 Qa2+ 41. Kb4 Qb2+ 42. Kc4 Qa2+ $11) 35... Kf7 36. Rg3 {[%emt 0:00:30][%csl Gh8][%cal Rg3g7] Inhibits Qg4.} Ne8 37. Qh5+ $40 {[%emt 0:03:11][%mdl 128] White goes for the king.} (37. Bxg7 Qe1+ 38. Kb2 Rd2+ 39. Ka3 Qa1+ 40. Kb3 Qb1+ 41. Kc4 Nd6+ 42. Kc5 Qxb5#) 37... Kf8 38. Bd4 Rd5 39. Qh8+ (39. Rg5 $16 Rxg5 40. fxg5) 39... Ke7 $2 (39... Kf7 $11) 40. Re3 {[%emt 0:00:58] Weighted Error Value: White=0.23 (precise) /Black=0.25 (precise)} (40. Bxg7 {is a self mate.} Qe1+ 41. Kb2 Rd2+ 42. Ka3 Qa1+ 43. Kb3 Qb1+ 44. Kc4 Nd6+ 45. Kc5 Qxb5#) 1-0

[Event "Turkish Youth Championships 2023"]
[Site "Samsun"]
[Date "2023.05.20"]
[Round "2.2"]
[White "Oner, Cinar"]
[Black "Akbas, Umut Ata"]
[Result "0-1"]
[WhiteElo "1436"]
[BlackElo "2417"]
[Annotator "TA"]
[PlyCount "80"]
[EventDate "2023.05.19"]
[EventType "swiss"]
[EventCountry "TUR"]
[TimeControl "5400+30"]

1. e4 c5 2. Nf3 d6 3. d4 cxd4 4. Nxd4 Nf6 5. Nc3 a6 6. a4 e6 7. Be3 {[%emt 0:02:00] 7.a5 is becoming the main line.} b6 8. Bd3 Bb7 {[%emt 0:00:30] B80: Sicilian Scheveningen: 6 g3 and 6 Be3, including English Attack.} 9. O-O Be7 {[%emt 0:00:30] [#]} 10. Re1 $146 ({Predecessor:} 10. Nb3 Nbd7 11. f4 Qc7 12. Qe2 O-O 13. Rae1 Nc5 14. Nxc5 bxc5 15. Bd2 Rfe8 16. e5 {0-1 Sayin,A (1881)-Akin,K (1974) TUR-chT 2nd League 2022 (1.6)}) 10... O-O {[%emt 0:02:30] The position is equal.} 11. Qe2 Nbd7 12. Rad1 Qc7 13. f4 Nc5 14. Bf2 Rfc8 15. Bg3 Bf8 16. e5 Nxd3 17. Rxd3 dxe5 18. fxe5 Nd5 19. Kh1 {[%emt 0:00:30] [#] Black converts the advantage convincingly.} (19. Ne4 $15) 19... Nxc3 $1 $17 20. bxc3 (20. Rxc3 $17 {is a better defense.} Qd7 21. Rd3) 20... Qc4 21. Qg4 (21. Ra1 $17) 21... Qxa4 $19 22. Rf1 (22. Bh4 $142) 22... Rc7 $40 {[%emt 0:04:30][%mdl 128] Black is out for blood.} 23. h4 Bd5 24. Rf4 {[%emt 0:03:30] [#]} (24. Rb1 {might work better.}) 24... Rxc3 $3 {[%emt 0:06:30][%mdl 576] Decoy} 25. Rd1 (25. Rd2 Rc4) 25... Qe8 26. Rdf1 {[%emt 0:00:34] [#]} h5 $1 27. Qh3 (27. Qg5 Be7) 27... Ra7 28. Qh2 a5 29. Be1 Rc4 30. Qg3 a4 31. Bc3 a3 32. Ba1 a2 33. Qg5 Bc5 {[%emt 0:03:30] White must now prevent ...Bxd4.} 34. c3 Bxd4 35. Rxd4 Rxd4 36. cxd4 Rc7 37. Rf2 Qc8 {[%emt 0:01:30] Strongly threatening ...Rc1+.} 38. Bb2 {[%emt 0:00:46] Repels Rc1+} Rc2 39. Qf4 Qc7 {[%emt 0:00:12][%cal Oc2b2] ( -> ...Rxb2!)} 40. Kh2 {[%emt 0:00:27] [#]} Rxb2 $1 {[%emt 0:00:15][%mdl 64] Remove Defender. Ingenious play by Akbas!   Weighted Error Value: White=0.45/Black=0.08 (flawless)} 0-1

[Event "Turkish Youth Championships 2023"]
[Site "Samsun"]
[Date "2023.05.20"]
[Round "2.3"]
[White "Tarlabasi, Emirhan"]
[Black "Derbentli, Refik"]
[Result "1-0"]
[WhiteElo "2300"]
[BlackElo "1453"]
[Annotator "TA"]
[PlyCount "97"]
[EventDate "2023.05.19"]
[EventType "swiss"]
[EventCountry "TUR"]
[TimeControl "5400+30"]

1. d4 Nf6 2. c4 e6 3. Nf3 d5 4. Nc3 Be7 5. Bf4 O-O 6. a3 {[%emt 0:02:30] D37: Queen's Gambit Declined: 5 Bf4.} a6 7. c5 Nbd7 8. h3 {[%emt 0:04:30] [#] White is slightly better.} Re8 $146 ({Predecessor:} 8... Ne4 9. Nxe4 dxe4 10. Nd2 e5 11. dxe5 Nxc5 12. Qc2 Bf5 13. e3 Qd7 14. Rd1 Rfd8 {0-1 Aymerich Verdaguer,E (2180)-Diaz Camallonga,C (2337) Mollet del Valles 4th 2016 (4)}) 9. e3 Ne4 10. Qc2 Nxc3 11. Qxc3 Nf6 12. Bd3 Bd7 13. a4 {[%emt 0:02:30] Prevents Bb5. White is much more active.} a5 14. O-O Ne4 15. Qc2 f5 16. Ne5 Bg5 {[%emt 0:06:30] [#]} (16... Rf8 $16 {might work better.}) 17. Bxe4 $1 $18 Bxf4 18. Bxf5 Bh2+ 19. Kxh2 exf5 20. f4 Ra6 21. Rf3 Rf6 22. Rh1 Be6 23. Kg1 Rh6 24. Kf2 Qe7 25. Qb3 c6 26. Qc3 Qc7 27. Kg1 Ra8 28. Rh2 Qe7 29. Qc2 Rc8 30. g4 Qh4 $2 (30... g6 31. g5 Rh4) 31. gxf5 Qe1+ 32. Kg2 Bf7 33. Rg3 {[%emt 0:01:00] Threatens to win with Rh1.} Bh5 34. Rh1 Qb4 (34... Qe2+ 35. Qxe2 Bxe2) 35. Rg1 Rc7 36. Kf2 Be8 (36... b5 $142 37. Rg5 Be8) 37. Nd3 Qc4 38. Qxc4 dxc4 39. Ne5 Rh5 40. f6 Bg6 41. Nxg6 {[%emt 0:00:30] White wants to mate with Ne7+.} hxg6 42. Rxg6 Rxh3 43. Rxg7+ Rxg7 44. Rxg7+ {[%emt 0:00:30] KR-KR} Kf8 45. Rxb7 {[%emt 0:00:00] Threatening mate with e4.} Rh1 {[%emt 0:00:00] [#]} 46. d5 $1 {[%emt 0:00:00][%cal Bd4d5,Bd5c6,Bc6c7][%mdl 32] White mates.} Rh2+ 47. Kg3 Rd2 48. dxc6 c3 49. c7 {[%emt 0:00:00] Black did not feel at home in the position after the opening.   Weighted Error Value: White=0.33/Black=0.65} 1-0

[Event "Turkish Youth Championships 2023"]
[Site "Samsun"]
[Date "2023.05.20"]
[Round "2.4"]
[White "Isilak, Enes"]
[Black "Sahbudak, Baris Cinar"]
[Result "1-0"]
[ECO "D76"]
[WhiteElo "2181"]
[BlackElo "1603"]
[Annotator "TA"]
[PlyCount "105"]
[EventDate "2023.05.19"]
[EventType "swiss"]
[EventCountry "TUR"]
[SourceTitle "playchess.com"]
[Source "ChessBase"]
[SourceQuality "1"]
[TimeControl "5400+30"]

1. d4 Nf6 2. c4 g6 3. g3 Bg7 4. Bg2 d5 5. cxd5 Nxd5 6. Nf3 O-O 7. O-O Nb6 8. Nc3 Nc6 9. e3 Re8 10. h3 $1 {[%mdl 4] is recently more successful than 10.Re1.} (10. d5 $5 Ne5 11. Nxe5 Bxe5 12. Qc2 $11) 10... Be6 {D76: Fianchetto Grünfeld: Main Line with 7...Nb6.} 11. b3 {[%emt 0:24:00] [#]} Nd5 $146 (11... a5 $14) ({Predecessor:} 11... a5 12. Bb2 a4 13. Nxa4 Nxa4 14. bxa4 Qd7 15. Kh2 Bc4 16. Rg1 Nb4 17. Nd2 Ba6 18. Ba3 {0-1 Sirosh,I (2380)-Mosadeghpour,M (2515) Olympiad-43 Batumi 2018 (5.12)}) 12. Na4 $16 Bc8 {[%emt 0:06:30] White is better.} 13. Bb2 e6 14. Rc1 Nce7 15. e4 Nb6 16. Nc5 Nd7 17. Nd3 {[%emt 0:01:00] White is more active.} b6 18. Qc2 Ba6 19. Rfd1 c6 20. b4 ({Better is} 20. Nf4) 20... Rc8 (20... Bxd3 $142 21. Qxd3 (21. Rxd3 Bh6 $16) 21... b5) 21. Qb3 ({White should try} 21. Nf4) 21... Qc7 (21... Bxd3 $16 22. Rxd3 (22. Qxd3 b5 $16) 22... b5) 22. h4 {[%emt 0:22:30] aiming for Nf4.} Bxd3 23. Rxd3 ({Resist} 23. Qxd3 b5 $16) 23... c5 (23... Qd8 $16 24. Bh3 Nf8) 24. dxc5 $18 bxc5 25. Bxg7 Kxg7 26. Qb2+ Kg8 27. Qd2 Ne5 (27... Nf6 $142 28. e5 (28. bxc5 Nxe4 29. Qe3 Nf6 $14) (28. Rxc5 Qb8 $16) 28... Nfd5) 28. Rxc5 Nxf3+ 29. Bxf3 Qb6 {[%emt 0:01:00] Black is weak on the dark squares} 30. Rd6 Qb8 31. Rxc8 Rxc8 32. a3 Nc6 (32... Nd5 {was called for.}) 33. Be2 Qc7 34. Rd7 Qb8 35. Qd6 Qxd6 36. Rxd6 {[%emt 0:00:04][%cal Bd7d6,Bd6c6,Bc6c7][%mdl 4128] Endgame KRB-KRN} Rc7 37. b5 Ne5 {[%emt 0:02:01] [#]} (37... Na5 38. f4 Kf8) 38. f4 Nd7 39. Rc6 {[%emt 0:00:26] Prevents Nb6.} Rb7 40. a4 Kf8 41. a5 Ke7 (41... Nf6 $142 42. b6 axb6 43. axb6 (43. Rxb6 Rc7 $18) 43... Ke8) 42. a6 Rb6 43. Rc7 Kd8 44. Rxa7 Kc8 45. Ra8+ (45. Rxd7 $142 Kxd7 46. a7) 45... Rb8 46. Ra7 {[%emt 0:01:25] [#]} (46. Rxb8+ $18 Kxb8 47. e5) 46... f6 $2 (46... Rb6 $11 47. Rxd7 {[%mdl 64] Clearance, Promotion} Kxd7) 47. Bc4 Nc5 48. Rxh7 e5 49. a7 Ra8 50. Rh8+ Kb7 51. Bd5+ Kxa7 52. Rxa8+ Kb6 53. Rf8 {[%emt 0:00:00] Weighted Error Value: White=0.31/Black=0.49} 1-0

[Event "Turkish Youth Championships 2023"]
[Site "Samsun"]
[Date "2023.05.20"]
[Round "2.4"]
[White "Engin, Eyup Tarik"]
[Black "Cilek, Bora"]
[Result "1/2-1/2"]
[WhiteElo "1513"]
[BlackElo "2285"]
[Annotator "TA"]
[PlyCount "112"]
[EventDate "2023.05.19"]
[EventType "swiss"]
[EventCountry "TUR"]
[TimeControl "5400+30"]

1. e4 c5 2. Nf3 Nc6 3. d4 cxd4 4. Nxd4 g6 5. c4 Nf6 6. Nc3 d6 7. f3 Nxd4 8. Qxd4 Bg7 9. Be3 O-O 10. Qd2 Qa5 11. Be2 Be6 12. Rc1 Rfc8 13. b3 a6 14. O-O Nd7 15. Bd4 Bxd4+ 16. Qxd4 Rab8 {[%emt 0:16:30] B36: Sicilian: Maroczy Bind: Gurgenidze System.} (16... b5 {keeps more tension.} 17. f4 b4 18. f5 gxf5 19. exf5 Bxc4 20. Bxc4 bxc3 21. Rxc3 Qb6) 17. f4 {[%emt 0:04:00][%cal Of4f5] [#]} Qc5 $146 ({Predecessor:} 17... Nf6 18. f5 Bd7 19. fxg6 hxg6 20. Rxf6 exf6 21. Nd5 Be6 22. Ne7+ Kg7 23. Nxc8 Rxc8 24. Rf1 {0-1 Perez Aleman,P (2204)-Vila Gazquez,X (2335) Las Palmas op 2005 (9)}) 18. Qxc5 Rxc5 19. Na4 {[%emt 0:10:30] f5 is the strong threat.} Ra5 20. Bd1 b5 21. b4 Rxa4 22. Bxa4 bxa4 23. f5 gxf5 24. exf5 Bxf5 25. Rxf5 {[%emt 0:00:30] Strongly threatening c5.} Rxb4 $11 {[%emt 0:00:00][%mdl 4096] Endgame KRR-KRN} 26. a3 Rb3 27. Rcf1 f6 28. R5f3 a5 29. Rg3+ Kf7 30. Rff3 Rb1+ 31. Rf1 Rb2 32. Rh3 Kg7 33. Rf4 Ne5 {[%emt 0:01:30] Wards off Rg4+} 34. Rfh4 h6 35. Rg3+ Kf7 36. c5 {[%emt 0:00:47][%mdl 64] Discovered Attack} dxc5 37. Rxa4 Rb5 {[%emt 0:00:00] Hoping for ...c4.} 38. Rh4 c4 {[%emt 0:01:00] Threatens to win with ...Rb3.} 39. Rxh6 a4 40. Rh8 Nd3 41. Kf1 {[%emt 0:00:18] [#]} (41. h4 $11) 41... Rb1+ $2 (41... Re5 $1 $17 42. Rxd3 (42. Rh7+ $2 Ke6 $19) 42... cxd3) 42. Ke2 Rb2+ 43. Ke3 Rb3 (43... e5 $11 {keeps the balance.}) 44. Kd4 Rxa3 45. Kxc4 Ne5+ {[%emt 0:00:14] [#]} 46. Kb4 (46. Kd5 $1 $16 Rxg3 47. hxg3) 46... Rxg3 $1 47. hxg3 {[%emt 0:00:17][%cal Ob4c3] KR-KN} Ng4 (47... Kg6 $11) 48. Rh4 (48. Kc4 $16) 48... f5 49. Kxa4 Ne3 {[%emt 0:00:26] The position is equal.} 50. Kb4 Nxg2 51. Rh2 Ne3 52. Kc5 e5 53. Re2 f4 54. gxf4 exf4 55. Rf2 Ke6 56. Rxf4 {[%emt 0:00:08] Re4+ would be deadly.} Ke5 {[%emt 0:00:00] Dodges Re4+.   Weighted Error Value: White=0.17 (very precise) /Black=0.18 (very precise)} 1/2-1/2

[Event "Turkish Youth Championships 2023"]
[Site "Samsun"]
[Date "2023.05.20"]
[Round "2.5"]
[White "Angun, Batu"]
[Black "Bilgin, Ali Tugrul"]
[Result "1/2-1/2"]
[WhiteElo "2205"]
[BlackElo "1371"]
[Annotator "TA"]
[PlyCount "68"]
[EventDate "2023.05.19"]
[EventType "swiss"]
[EventCountry "TUR"]
[TimeControl "5400+30"]

1. d4 Nf6 2. c4 g6 3. Nc3 d5 4. cxd5 Nxd5 5. e4 Nxc3 6. bxc3 Bg7 7. Nf3 c5 8. Be3 {[%emt 0:00:30] 8.h3 is setting a new trend.} Qa5 9. Nd2 {[%emt 0:00:30] D85: Exchange Grünfeld: Unusual White 7th moves and lines with 7 Nf3.} (9. dxc5 $2 Qxc3+ 10. Bd2 Qxa1 $19) 9... O-O 10. Rc1 cxd4 11. Nc4 {[%emt 0:00:00] The position is equal.} Qa6 12. cxd4 b5 13. Nd2 Nc6 14. Nb3 Rd8 15. d5 (15. Rc5 {feels hotter.} Nxd4 16. Nxd4 e5 17. Bxb5 Qb6 18. Rc6) 15... Nb4 {[%emt 0:22:30] [#]} 16. Nc5 $146 (16. Nd4 $11) ({Predecessor:} 16. Nd4 Bd7 17. Qd2 Qa3 18. Be2 a5 19. O-O Qxa2 20. Qd1 Qa4 21. Qd2 e5 22. Nxb5 Bxb5 {½-½ Schmidt,T (2400)-Tiemann,C (2403) GER M06-C email 2017}) 16... Qxa2 $17 {[%emt 0:07:30] ...Bb2 is the strong threat.} 17. Bd2 {[%emt 0:04:30] [#]} Nxd5 18. exd5 $11 (18. Rc2 Qa3 19. exd5 Bf5 $17) 18... Rxd5 19. Rc2 Qa3 20. Qc1 Qxc1+ 21. Rxc1 Bf5 {[%emt 0:05:20] Threatens to win with ...Bb2.} (21... Bb2 $5 22. Rb1 Bd4 $11) 22. Nb3 $2 {[%emt 0:09:30] [#] Now White is beyond hope.} (22. Bxb5 $11 {and White is okay.} Bb2 23. Ke2) 22... a5 $1 $19 23. g4 $2 (23. Be2) 23... Be4 (23... Bxg4 24. Bg2 Rxd2 25. Nxd2 $15 (25. Kxd2 Rd8+ 26. Ke3 e5 $17)) 24. Rg1 a4 25. Nc5 {[%emt 0:00:00] [#]} Rxc5 {[%emt 0:03:36][%mdl 576] Promotion. Black is clearly winning.} 26. Rxc5 a3 {[%emt 0:00:00] Strongly threatening ...a2.} 27. Bxb5 a2 28. Ke2 Bb1 ({Not} 28... a1=B 29. Rgc1 $16) (28... a1=Q 29. Rxa1 Bxa1 30. f3 $17) 29. Bd3 {[%emt 0:00:00] And now Rxb1 would win.} a1=Q {[%emt 0:01:17] aiming for ...Bxd3+.} ({Don't play} 29... a1=B 30. Rxb1 Bae5 31. Be4 $18) 30. Rxb1 Qd4 31. Rc4 Qe5+ 32. Re4 Qxh2 33. Rc1 Rd8 34. Be3 Qd6 {[%emt 0:00:38][%mdl 32768] Weighted Error Value: White=0.35/Black=0.06 (flawless) . An unexpected result.} 1/2-1/2

[Event "Turkish Youth Championships 2023"]
[Site "Samsun"]
[Date "2023.05.20"]
[Round "2.6"]
[White "Kavri, Yusuf Eren"]
[Black "Gokturk, Murat Kutay"]
[Result "1-0"]
[ECO "D94"]
[WhiteElo "2029"]
[BlackElo "1591"]
[Annotator "TA"]
[PlyCount "41"]
[EventDate "2023.05.19"]
[EventType "swiss"]
[EventCountry "TUR"]
[SourceTitle "playchess.com"]
[Source "ChessBase"]
[SourceQuality "1"]
[TimeControl "5400+30"]

1. c4 c6 2. Nf3 Nf6 3. Nc3 d5 4. e3 g6 5. d4 Bg7 6. b3 O-O 7. Bd3 Re8 8. O-O Nbd7 9. Bb2 Nf8 {D94: Grünfeld: 4 Nf3 Bg7 5 e3.} (9... e6 $11 {deserves consideration.}) 10. Qc2 a6 {[%emt 0:25:30] [#]} 11. Rfe1 $146 ({Predecessor:} 11. e4 e6 12. Rfe1 b5 13. Ne5 Bb7 14. exd5 exd5 15. Nf3 Rc8 16. Rxe8 Nxe8 17. Ne2 {½-½ Galvanek,L (1957)-Masarik,R (1829) SVK-chT2C 1516 2015 (6.7)}) 11... Ne6 {[%emt 0:13:30] White is slightly better.} 12. Rad1 Qc7 13. Ne5 Rd8 {[%emt 0:09:30] [#]} (13... dxc4 $14 14. bxc4 (14. Bxc4 b5 $14) 14... c5) 14. f4 $1 $16 {[%emt 0:06:30] White is more active.} Bh6 15. Qf2 b6 (15... Bg7 $16 {was necessary.} 16. cxd5 cxd5) 16. Ba3 ({White should play} 16. f5 $18) 16... Bb7 $2 (16... Bg7 $16 {is more resistant.} 17. Rf1 dxc4 18. bxc4 (18. Nxc4 c5 $11) (18. Bxc4 b5 $14) 18... Nf8) 17. cxd5 $18 {[%emt 0:00:30] White is clearly winning.} Nxd5 18. Nxd5 cxd5 (18... Rxd5 $142 19. f5 Nd8) 19. Rc1 Qb8 20. Bxe7 Re8 21. Nd7 {[%emt 0:00:30][%csl LRb6,LRb8] Black got outplayed after the opening.   Weighted Error Value: White=0.56/Black=1.04} 1-0